 Dungeon Crawl Stone Soup version 0.30-a0-920-g7493c07aab (webtiles) character file.

Game seed: 13794912213953869597

1173 Esekla the Covert (level 8, -2/52 (54) HPs)
             Began as an Octopode Delver on Mar 22, 2023.
             Was an Initiate of Gozag.
             Slain by Ijyb
             ... wielding a +10 club
              (11 damage)
             ... on level 5 of the Dungeon.
             The game lasted 00:32:15 (5240 turns).

Esekla the Covert (Octopode Delver)                 Turns: 5240, Time: 00:32:16

HP:   -2/52 (54)    AC:  3    Str: 12    XL:     8   Next: 41%
MP:   0/11          EV: 14    Int: 14    God:    Gozag
Gold: 438           SH:  0    Dex: 13    Spells: 7/12 levels left

rFire   . . .      SeeInvis .    a - +0 long sword
rCold   . . .      Faith    .    (no shield)
rNeg    . . .      Spirit   .    c - +2 hat
rPois   .          Reflect  .    (no amulet)
rElec   .          Rampage  .    (no ring)
rCorr   .                        (no ring)
Will    .....                    (no ring)
Stlth   +++++                    (no ring)
HPRegen 0.28/turn                (no ring)
MPRegen 0.12/turn                (no ring)
                                 (no ring)
                                 (no ring)

@: very slightly contaminated, lightly drained
A: almost no armour, amphibious, 8 rings, camouflage 1, gelatinous body 1,
(nimble swimmer 1), tentacles
a: Renounce Religion, Potion Petition, Call Merchant, Bribe Branch


You were on level 5 of the Dungeon.
You worshipped Gozag.
Gozag was aware of your devotion.
You visited 2 branches of the dungeon, and saw 6 of its levels.

You collected 962 gold pieces.
You spent 506 gold pieces at shops.
You paid 18 gold pieces to Gozag.

Inventory:

Hand Weapons
 a - a +0 long sword (weapon)
 s - a +0 dagger
Missiles
 h - 3 boomerangs
 t - 6 poisoned darts (quivered)
Armour
 c - a +2 hat (worn)
Wands
 f - a wand of digging (3)
Scrolls
 b - 5 scrolls of fog
 d - a scroll of silence {unknown}
 i - a scroll of amnesia {unknown}
 j - 4 scrolls of identify
 l - 5 scrolls of teleportation
 n - 2 scrolls of enchant weapon {unknown}
 q - 4 scrolls of immolation {unknown}
 r - a scroll of magic mapping
 u - 2 scrolls of vulnerability {unknown}
Potions
 e - 2 potions of flight
 g - 4 potions of heal wounds
 k - a potion of mutation
 o - 2 potions of curing
 p - 3 potions of lignification


   Skills:
 * Level 4.7 Fighting
 + Level 0.3(2.9) Short Blades
 * Level 4.7(4.8) Long Blades
 + Level 0.1 Throwing
 * Level 3.7 Dodging
 - Level 9.0 Stealth
 * Level 2.6 Spellcasting
 * Level 1.6 Conjurations
 * Level 1.6 Necromancy
 * Level 1.1 Transmutations
 * Level 1.1 Fire Magic
 * Level 0.2 Ice Magic
 * Level 2.0 Air Magic
 * Level 1.9 Poison Magic


You had 7 spell levels left.
You knew the following spells:

 Your Spells              Type           Power      Damage    Failure   Level
d - Vampiric Draining     Necr           6%         2d6       34%         3
w - Wereblood             Tmut           5%         N/A       21%         2

Your spell library contained the following spells:

 Spells                   Type           Power      Damage    Failure   Level
 Necrotise                Necr           24%        1d5       12%         1
 Beastly Appendage        Tmut           10%        N/A       14%         1
 Spider Form              Tmut/Pois      6%         N/A       34%         3
 Agony                    Necr           6%         N/A       97%         5


Dungeon Overview and Level Annotations

Branches:
Dungeon (5/15)             Temple (1/1) D:5

Altars:
Ashenzari
Cheibriados
Dithmenos
Elyvilon
Fedhas
Gozag
Hepliaklqana
Kikubaaqudgha
Makhleb
Nemelex Xobeh
Okawaru
Qazlal
Ru
Sif Muna
Trog
Vehumet
Wu Jian
Xom
Yredelemnul
Zin
The Shining One

Shops:
D:1 ?   D:4 :(?*:

Annotations:
D:5 Ijyb
Temple 2 transporters


Innate Abilities, Weirdness & Mutations

You cannot wear most types of armour.
You are amphibious.
You can wear up to eight rings at the same time.
Your skin changes colour to match your surroundings (Stealth+).
Your rubbery body absorbs attacks. (AC +1, EV +1)
((You are camouflaged when in or above water. (Stealth+)))
You have tentacles for arms and can constrict up to eight enemies at once.


Message History

You hit Ijyb. Your grab misses Ijyb. You squeeze Ijyb.
Ijyb is moderately wounded.
Ijyb barely misses you.
You hit Ijyb but do no damage. Your grab misses Ijyb. You squeeze Ijyb!
Ijyb is heavily wounded.
Ijyb hits you with a +10 club!
You hit Ijyb but do no damage. You grab Ijyb.
You squeeze Ijyb, but do no damage.
Ijyb is heavily wounded.
You constrict Ijyb, but do no damage. Ijyb hits you with a +10 club.
Casting: Vampiric Draining (dangerous; 34% risk of failure)
Confirm with . or Enter, or press ? or * to list all spells.
You miscast Wereblood.
You are very lightly contaminated with residual magic.
Nothing appears to happen.
You constrict Ijyb, but do no damage. Ijyb barely misses you.
Casting: Wereblood (safe; 21% risk of failure)
Confirm with . or Enter, or press ? or * to list all spells.
You miscast Wereblood.
Nothing appears to happen.
You constrict Ijyb. Ijyb hits you with a +10 club!
The ufetubus barely misses you. The ufetubus hits you.
Casting: Wereblood (safe; 21% risk of failure)
Confirm with . or Enter, or press ? or * to list all spells.
Aiming: Vampiric Draining (dangerous; 34% risk of failure)
Press: ? - help, Shift-Dir - straight line, f - Ijyb
Aim: Ijyb, wielding a +10 club, wearing a +0 scale mail and carrying a wand of iceblast (8) (severely wounded, constricted by you)
You miscast Vampiric Draining.
Nothing appears to happen.
You constrict Ijyb. Ijyb hits you with a +10 club! The ufetubus misses you. x2
Casting: Vampiric Draining (dangerous; 34% risk of failure)
Confirm with . or Enter, or press ? or * to list all spells.
Aiming: Vampiric Draining (dangerous; 34% risk of failure)
Press: ? - help, Shift-Dir - straight line, f/p - Ijyb
Aim: Ijyb, wielding a +10 club, wearing a +0 scale mail and carrying a wand of iceblast (8) (severely wounded, constricted by you)
You miscast Vampiric Draining.
You feel very uncomfortable!
You feel drained.
* * * LOW HITPOINT WARNING * * *
You constrict Ijyb. The ufetubus closely misses you.
The ufetubus hits you but does no damage.
Ijyb hits you with a +10 club!
You die...
Your body crumbles into a pile of gold.

..........#..###....#............
.............##.....#.##.........
......#######....................
..#####⌠...⌠#####.............#..
..#...#.....#...#.............###
....8....>....8.......##......###
..#...#.....#...#................
.######⌠...⌠#####g.........####.#
..#...#######...@5.........##....
...........................#.....
..###.#............<.......#.....
#.# ####......................._.
### ##................#.#.....
*#...##)#.......#..#.#.....
#...###.#.......##...##....
##..####......#.#####.####.#
#..##....###.#### #.......


You could see Ijyb and an ufetubus.

Vanquished Creatures
  Sigmund (D:5)
  A water moccasin (D:5)
  An ice beast (D:4)
  An ogre (D:5)
  A howler monkey (D:4)
  9 hounds (D:5)
  3 iguanas
  2 sleepcaps (D:4)
  3 orc wizards
  11 adders
  A gnoll (D:5)
  An ufetubus (D:4)
  2 worms (D:4)
  3 dart slugs
  12 orcs
  5 bats
  10 endoplasms
  4 giant cockroaches
  3 goblins
  8 hobgoblins
  6 jackals (D:4)
  6 kobolds
  4 quokkas
  3 ball pythons
  3 frilled lizards (D:3)
  6 rats
110 creatures vanquished.

Vanquished Creatures (others)
  An orc (D:4)
1 creature vanquished.

Grand Total: 111 creatures vanquished

Notes
Turn   | Place    | Note
-------+----------+-------------------------------------------
     0 | D:5      | Esekla the Octopode Delver began the quest for the Orb.
     0 | D:5      | Reached XP level 1. HP: 16/16 MP: 1/1
     0 | D:5      | Noticed an ogre
     6 | D:5      | Noticed a black bear
    22 | D:5      | Noticed a water moccasin
    24 | D:5      | Noticed an iguana
    30 | D:5      | Found a staircase to the Ecumenical Temple.
    40 | Temple   | Entered the Ecumenical Temple
    40 | Temple   | Found a transporter.
    40 | Temple   | Found a transporter.
    42 | Temple   | Found a transporter.
    42 | Temple   | Found a transporter.
    85 | D:5      | Noticed a hound
   242 | D:5      | Killed a water moccasin
   243 | D:5      | Reached skill level 7 in Stealth
   243 | D:5      | Reached skill level 1 in Spellcasting
   243 | D:5      | Reached XP level 2. HP: 20/21 MP: 1/3
   243 | D:5      | Reached XP level 3. HP: 25/26 MP: 1/4
   243 | D:5      | Reached XP level 4. HP: 29/31 MP: 1/5
   272 | Temple   | Became a worshipper of Gozag Ym Sagoz the Greedy
   296 | D:5      | Reached XP level 5. HP: 35/36 MP: 6/6
   315 | D:5      | Reached skill level 8 in Stealth
   342 | D:5      | Reached XP level 6. HP: 4/43 MP: 8/8
   505 | D:4      | Found Sulot's Weapon Shoppe.
   592 | D:4      | Found Vaweinoro's Magic Scroll Shoppe.
   600 | D:4      | Bought a scroll of noise for 11 gold pieces
   633 | D:4      | Found Uwonn's Book Shoppe.
   899 | D:3      | Found a faded altar of an unknown god.
  1010 | D:3      | Found a sparkling altar of Nemelex Xobeh.
  1958 | D:1      | Found The Oracle's Delphic Readings.
  1963 | D:1      | Bought a scroll of identify for 28 gold pieces
  3041 | D:4      | Found Saps's Book Shoppe.
  3082 | D:4      | Noticed an ice beast
  3094 | D:4      | Learned a level 3 spell: Vampiric Draining
  3235 | D:4      | Reached XP level 7. HP: 48/48 MP: 8/10
  3292 | D:4      | Found Tucud's Assorted Antiques.
  3353 | D:4      | Bought 2 ruby potions for 41 gold pieces
  3353 | D:4      | Bought a blue potion for 20 gold pieces
  3353 | D:4      | Bought a scroll labelled FOG BALUYQOOF for 23 gold pieces
  3353 | D:4      | Bought a scroll labelled FOG BALUYQOOF for 23 gold pieces
  3353 | D:4      | Bought 2 blue potions for 41 gold pieces
  3693 | D:4      | Reached skill level 9 in Stealth
  3693 | D:4      | Reached skill level 1 in Conjurations
  3818 | D:4      | Bought a book of Changes for 198 gold pieces
  3821 | D:4      | Learned a level 2 spell: Wereblood
  3881 | D:4      | Bought a scroll of identify for 22 gold pieces
  3881 | D:4      | Bought a scroll of teleportation for 33 gold pieces
  3881 | D:4      | Bought a scroll of identify for 22 gold pieces
  3881 | D:4      | Bought a scroll of identify for 22 gold pieces
  3881 | D:4      | Bought a scroll of identify for 22 gold pieces
  3909 | D:5      | Noticed Ijyb
  4021 | D:4      | Reached skill level 1 in Poison Magic
  4088 | D:5      | Found a glowing silver altar of Zin.
  4158 | D:5      | Reached skill level 1 in Necromancy
  4216 | D:4      | Reached skill level 1 in Air Magic
  4384 | D:5      | Noticed a gargoyle
  4385 | D:5      | Noticed Sigmund
  4913 | D:5      | Killed Sigmund
  4914 | D:5      | Reached XP level 8. HP: 49/54 MP: 11/11
  5119 | D:5      | Reached skill level 1 in Transmutations
  5119 | D:5      | Reached skill level 1 in Fire Magic
  5240 | D:5      | Slain by Ijyb

Illustrated notes

Levels and vault maps discovered:
D:1:      eino_arrival_cavern_b, layout_rooms, nicolae_nh_oracle_at_delphi
D:2:      layout_basic, hangedman_decor_lopped
D:3:      layout_basic, lemuel_round_altar,
          hellmonk_ecumenical_altar_slurped_away
D:4:      layout_basic, serial_shops, nicolae_stop_n_shop_2,
          nicolae_shop_behind_doors, kennysheep_mini_moat, shop, shop,
          minmay_between
D:5:      cheibrodos_fzero, layout_cave_pools, old_standard_altar,
          minmay_temple_entry_antechambers, hellmonk_no_cap, uniq_ijyb,
          uniq_sigmund
Temple:   hellmonk_temple_divided_pantheon

Skill      XL: |  1  2  3  4  5  6  7  8 |
---------------+-------------------------+-----
Stealth        | 7 8 9 |  9.0
Spellcasting   | 1 2 |  2.6
Long Blades    | 3 4 |  4.7
Dodging        | 3 |  3.7
Fighting       | 4 |  4.7
Conjurations   | 1 |  1.6
Poison Magic   | 1 |  1.9
Necromancy     | 1 |  1.6
Air Magic      | 1 2 |  2.0
Transmutations | 1 |  1.1
Fire Magic     | 1 |  1.1
Short Blades   | |  0.3
Throwing       | |  0.1
Ice Magic      | |  0.2

Action                     |  1- 3 |  4- 6 |  7- 9 || total
---------------------------+-------+-------+-------++-------
  Melee: Falchion          |     4 |    91 |       ||    95
         Tentacles         |     3 |    20 |    28 ||    51
         Constrict         |     2 |    23 |    28 ||    53
         Punch             |     1 |     1 |     1 ||     3
         Dagger            |       |    25 |     9 ||    34
         Long sword        |       |       |    86 ||    86
  Throw: Boomerang         |       |       |     4 ||     4
         Dart              |       |       |     7 ||     7
   Cast: Wereblood         |       |       |     3 ||     3
         Vampiric Draining |       |       |     5 ||     5
    Use: Scroll            |     2 |       |     6 ||     8
         Potion            |     1 |       |       ||     1
   Stab: Sleeping          |       |    37 |     6 ||    43
         Distracted        |       |       |     3 ||     3
 Armour: Skin              |     1 |    11 |    14 ||    26
  Dodge: Dodged            |     1 |    39 |   100 ||   140

Table legend: (Time is in decaauts)
 A = Elapsed time spent in this place.
 B = Non-inter-level travel time spent in this place.
 C = Inter-level travel time spent in this place.
 D = Time resting spent in this place.
 E = Time spent auto-exploring this place.
 F = Levels seen in this place.
 G = Mean time per level.
                   A        B        C        D        E       F      G
               +--------+--------+--------+--------+--------+-----+--------+
         Total |   5249 |   4988 |    261 |    919 |   1494 |   6 |  874.8 |
       Dungeon |   5187 |   4926 |    261 |    919 |   1494 |   5 | 1037.4 |
        Temple |     62 |     62 |      0 |      0 |      0 |   1 |   62.0 |
               +--------+--------+--------+--------+--------+-----+--------+

Top non-repeatable levels by time:
     D:4: 1812 daAuts
     D:3: 1045 daAuts
     D:5: 989 daAuts
     D:2: 703 daAuts
     D:1: 635 daAuts
  Temple: 62 daAuts
